 Dungeon Crawl Stone Soup version 0.27-a0-323-gbd089401bb (webtiles) character file.

Game seed: 16996068569236726316

3796 dickylongcocking the Prestidigitator (level 9, -3/71 (82) HPs)
             Began as a Yellow Draconian Wanderer on Feb 11, 2021.
             Was a Believer of Ru.
             Slain by a two-headed ogre
             ... wielding a +0 giant spiked club
              (11 damage)
             ... on level 9 of the Dungeon.
             The game lasted 00:14:57 (9765 turns).

dickylongcocking the Prestidigitator (DrWn)         Turns: 9765, Time: 00:14:58

HP:   -3/71 (82)    AC: 11    Str: 15    XL:     9   Next: 96%
MP:   13/14         EV:  9    Int: 25    God:    Ru [**....]
Gold: 88            SH:  0    Dex: 12    Spells: 6/15 levels left

rFire    . . .     SeeInvis .   a - +2 dagger
rCold    . . .     Faith    .   (no shield)
rNeg     . . .     Spirit   .   (armour unavailable)
rPois    .         Reflect  .   (helmet restricted)
rElec    .         Harm     .   n - scarf {+Inv}
rCorr    +         Rampage  .   f - +2 pair of gloves
Will     .....                  s - +0 pair of boots
Stlth    ..........             b - amulet "Raurimes" {*Corrode Regen+ Int+7}
HPRegen  0.61/turn              u - +4 ring of protection
MPRegen  0.14/turn              w - +6 ring of intelligence

@: short of breath, corroded, very slightly contaminated, heavily drained,
invisible
A: spit acid, unfitting armour, weak 1, cold-blooded, no stealth, reduced EV 1,
acid resistance, AC +7
a: Breathe Acid, Renounce Religion, Evoke Invisibility


You were on level 9 of the Dungeon.
You worshipped Ru.
Ru was pleased with you.
You visited 1 branch of the dungeon, and saw 10 of its levels.

You collected 642 gold pieces.
You spent 554 gold pieces at shops.

Inventory:

Hand Weapons
 a - a +2 dagger (weapon)
 y - a +4 lajatang
Missiles
 l - 32 poisoned darts (quivered)
 B - a curare-tipped dart
Armour
 f - a +2 pair of gloves (worn)
 n - a scarf of invisibility (worn)
 s - a +0 pair of boots (worn)
Magical Staves
 v - a staff of poison
Jewellery
 b - the amulet "Raurimes" (around neck) {*Corrode Regen+ Int+7}
   (You found it on level 4 of the Dungeon)

   [amulet of regeneration]

   It affects your intelligence (+7).
   It increases your rate of regeneration.
   It may corrode you when you take damage.
 k - a ring of ice
 q - a ring of willpower
 u - a +4 ring of protection (left hand)
 w - a +6 ring of intelligence (right hand)
 I - an amulet of faith {unknown}
Wands
 z - a wand of mindburst (9)
 C - a wand of polymorph (6)
 D - a wand of charming (9)
 J - a wand of iceblast (8)
Scrolls
 d - 6 scrolls of teleportation
 h - 2 scrolls of amnesia
 i - 5 scrolls of identify
 o - 2 scrolls of magic mapping
 t - 2 scrolls of noise
 x - a scroll of fog
 G - a scroll of immolation {unknown}
 H - a scroll of blinking {unknown}
Potions
 c - a potion of berserk rage {unknown}
 e - 2 potions of lignification
 g - 3 potions of degeneration
 j - 5 potions of attraction
 m - a potion of heal wounds
 p - 2 potions of brilliance
 r - 2 potions of ambrosia
 A - a potion of might {unknown}
 E - a potion of magic {unknown}
 F - a potion of flight {unknown}


   Skills:
 - Level 8.6 Fighting
 - Level 5.0 Short Blades
 - Level 3.1 Staves
 - Level 1.0 Throwing
 - Level 4.7 Dodging
 * Level 3.6 Spellcasting
 * Level 0.9 Transmutations
 * Level 0.9 Poison Magic
 - Level 8.6 Evocations


You had 6 spell levels left.
You knew the following spells:

 Your Spells              Type           Power        Failure   Level
a - Olgreb's Toxic Radia  Pois           9%           54%         4
b - Poisonous Vapours     Pois/Air       12%          12%         2
c - Ignite Poison         Fire/Tmut/Pois 7%           22%         3

Your spell library contained the following spells:

 Spells                   Type           Power        Failure   Level
 Sting                    Tmut/Pois      36%          6%          1
 Freeze                   Ice            16%          10%         1
 Mephitic Cloud           Conj/Pois/Air  6%           26%         3
 Confusing Touch          Hex            4%           28%         3
 Frozen Ramparts          Ice            8%           28%         3
 Gell's Gravitas          Tloc           2%           28%         3
 Ozocubu's Armour         Ice            4%           28%         3
 Petrify                  Tmut/Erth      6%           61%         4
 Hailstorm                Conj/Ice       4%           67%         4
 Summon Ice Beast         Ice/Summ       4%           67%         4
 Yara's Violent Unravell  Hex/Tmut       3%           91%         5
 Metabolic Englaciation   Hex/Ice        2%           95%         5


Dungeon Overview and Level Annotations

Branches:
Dungeon (10/15)            Temple (0/1) D:5            Lair (0/6) D:9
    Orc (0/2) D:9

Altars:
Nemelex Xobeh
Ru
Sif Muna
Trog

Shops:
D:5 :?*

Annotations:
D:7 2 transporters, Snicker's ghost, amateur DsDe


Innate Abilities, Weirdness & Mutations

You can spit globs of acid.
Your golden yellow scales are hard. (AC +7)
You cannot fit into any form of body armour.
You are weak. (Str -2)
You are cold-blooded and may be slowed by cold attacks.
You cannot be stealthy.
You have somewhat slow reflexes. (EV -5)
You are resistant to acid. (rCorr)


Message History

Unknown command.
The yak bellows! x3
The two-headed ogre barely misses you. The two-headed ogre misses you.
You climb upwards.
There is a stone staircase leading down here.
Unknown command.
Unknown command.
Unknown command.
You hit the two-headed ogre.
The two-headed ogre is lightly wounded.
The two-headed ogre barely misses you. The two-headed ogre closely misses you.
Unknown command.
You hit the two-headed ogre but do no damage.
The two-headed ogre is lightly wounded.
Unknown command.
Press: ? - help, Shift-Dir - straight line, f - two-headed ogre
Aim: a two-headed ogre, wielding two +0 giant spiked clubs (lightly wounded)
You spit a glob of acid.
The glob of acid hits the two-headed ogre!
The two-headed ogre is splashed with acid.
The acid corrodes the two-headed ogre!
The two-headed ogre is moderately wounded.
The two-headed ogre hits you with a +0 giant spiked club!
The two-headed ogre closely misses you.
Unknown command.
You hit the two-headed ogre.
The two-headed ogre is moderately wounded.
Unknown command.
You hit the two-headed ogre.
You tail-slap the two-headed ogre, but do no damage.
The two-headed ogre is heavily wounded.
The two-headed ogre hits you but does no damage.
The two-headed ogre barely misses you.
Unknown command.
You hit the two-headed ogre but do no damage.
The two-headed ogre is heavily wounded.
The two-headed ogre hits you with a +0 giant spiked club!!
* * * LOW HITPOINT WARNING * * *
The two-headed ogre hits you with a +0 giant spiked club!
You die...

##.#....#...######.....###
#....##.#..............'..
#......................###
#.####..#.#######.######..
####....#.##.# #.# #..
#.......#.##.# #.# #..
#.####..#.##.#######.# #..
#.......#.##O##......######..
######.##...@................
#.#####.##.########<##.. #.#
#.##.#>.# #.##.. #.#
#.##.#..#####.##.. #.#
#.#...........##.. #.#
#..........#####..
#.#####..........# #..
#.#..............#####..
#.#.###..........#....##


You could see a two-headed ogre (corroded).

Vanquished Creatures
  A warg (D:9)
  5 orc warriors
  2 sky beasts
  A black bear (D:8)
  3 ice beasts
  3 centaurs
  6 ogres
  A kobold brigand (D:8)
  4 bullfrogs
  2 scorpions
  4 wights
  5 electric eels (D:6)
  5 howler monkeys
  A bullfrog zombie (D:6)
  A bullfrog skeleton (D:8)
  2 orc priests
  2 hounds
  An iguana (D:5)
  5 orc wizards
  3 worker ants
  A killer bee zombie (D:5)
  A hound skeleton (D:8)
  A worker ant zombie (D:6)
  A gnoll (D:2)
  18 adders
  4 shadow imps
  A white imp (D:6)
  An ufetubus (D:6)
  4 oozes
  An adder zombie (D:8)
  An adder skeleton (D:7)
  A worm (D:3)
  2 dart slugs (D:1)
  5 leopard geckos
  31 orcs
  4 giant cockroaches
  9 goblins
  5 hobgoblins
  10 jackals
  8 quokkas
  2 ball pythons (D:2)
  10 bats
  7 frilled lizards
  6 kobolds
  11 rats
202 creatures vanquished.

Vanquished Creatures (others)
  A troll (D:9)
  14 plants (D:6)
15 creatures vanquished.

Grand Total: 217 creatures vanquished

Notes
Turn   | Place    | Note
-------+----------+-------------------------------------------
     0 | D:1      | dickylongcocking the Draconian Wanderer began the quest for
                  | the Orb.
     0 | D:1      | dickylongcocking set off with the following items: a +2
                  | dagger, 2 curare-tipped darts, a potion of lignification, a
                  | scroll of teleportation
     0 | D:1      | Reached XP level 1. HP: 16/16 MP: 1/1
   129 | D:1      | Reached skill level 1 in Short Blades
   138 | D:1      | Reached XP level 2. HP: 24/24 MP: 2/2
   354 | D:1      | Reached XP level 3. HP: 29/30 MP: 3/3
   867 | D:2      | Found a sacrificial altar of Ru.
   961 | D:2      | Reached XP level 4. HP: 36/38 MP: 4/4
   967 | D:2      | Became a worshipper of Ru the Awakened
  1715 | D:3      | Reached XP level 5. HP: 45/46 MP: 5/5
  2410 | D:3      | Gained mutation: You are weak. (Str -2) [Ru sacrifice]
  3029 | D:3      | Reached XP level 6. HP: 52/53 MP: 6/6
  3058 | D:4      | Reached skill level 5 in Fighting
  3201 | D:4      | Found a shimmering blue altar of Sif Muna.
  3659 | D:4      | Got a brightly glowing bronze amulet
  3848 | D:4      | Reached skill level 5 in Short Blades
  3921 | D:5      | Entered Level 5 of the Dungeon
  3964 | D:5      | Your scales start taking on a golden yellow colour.
  3964 | D:5      | Reached XP level 7. HP: 51/62 MP: 7/7
  3964 | D:5      | Gained mutation: You are resistant to acid. (rCorr) [Yellow
                  | Draconian growth]
  4222 | D:5      | Found Culuaquc's Magic Scroll Shop.
  4226 | D:5      | Bought a scroll of identify for 26 gold pieces
  4226 | D:5      | Identified the amulet "Raurimes" {*Corrode Regen+ Int+7}
                  | (You found it on level 4 of the Dungeon)
  4271 | D:5      | Found a staircase to the Ecumenical Temple.
  4304 | D:5      | Found Voasedie's Assorted Antiques.
  4310 | D:5      | Bought a glowing scarf for 128 gold pieces
  4496 | D:5      | Found Oghav's Book Boutique.
  4931 | D:6      | Reached XP level 8. HP: 71/71 MP: 8/8
  5244 | D:6      | Reached skill level 5 in Evocations
  5610 | D:6      | Gained mutation: You have somewhat slow reflexes. (EV -5)
                  | [Ru sacrifice]
  5610 | D:6      | Reached * piety under Ru
  5610 | D:6      | Reached ** piety under Ru
  6706 | D:7      | Found a sparkling altar of Nemelex Xobeh.
  6804 | D:7      | Reached XP level 9. HP: 23/62 MP: 6/9
  6927 | D:7      | Noticed Snicker's ghost (amateur DsDe)
  7039 | D:7      | Found a transporter.
  7044 | D:7      | Found a transporter.
  7833 | D:8      | Found a bloodstained altar of Trog.
  8123 | D:9      | Gained mutation: You cannot be stealthy. [Ru sacrifice]
  8299 | D:9      | Reached skill level 1 in Spellcasting
  8532 | D:9      | Found a staircase to the Lair.
  8887 | D:9      | Found a staircase to the Orcish Mines.
  9173 | D:5      | Bought a Young Poisoner's Handbook for 400 gold pieces
  9180 | D:5      | Learned a level 4 spell: Olgreb's Toxic Radiance
  9183 | D:5      | Learned a level 2 spell: Poisonous Vapours
  9187 | D:5      | Learned a level 3 spell: Ignite Poison
  9324 | D:9      | Noticed a troll
  9340 | D:9      | Killed a troll
  9748 | D:10     | Entered Level 10 of the Dungeon
  9748 | D:10     | Noticed a two-headed ogre
  9765 | D:9      | Slain by a two-headed ogre

Illustrated notes

Levels and vault maps discovered:
D:1:      doesnt_arrival_eight_statues, layout_rooms, minivault_25,
          minmay_3d_cube
D:2:      minmay_evil_eye, layout_rooms, nicolae_ru_great_annihilating_truth
D:3:      layout_rooms, minmay_quantized
D:4:      layout_rooms, kennysheep_cluttered_room, led_sif_book
D:5:      layout_loops_cross, minmay_temple_entry_drinking_statues,
          serial_shops, shop, nicolae_shop_waterfront, kennysheep_mini
D:6:      hangedman_cross_stitches, layout_basic, serial_bayou,
          serial_bayou_pond_e, serial_bayou_pond_b, serial_bayou_shore_b,
          serial_bayou_pond_c, serial_bayou_lake_a, serial_bayou_lagoon_b
D:7:      layout_loops_ring, nemelex_xobeh_ov_fountains_minmay,
          gammafunk_ghost_hive, st_stairs_14, minmay_misc_feat_tiny
D:8:      layout_cave_pools, trog_book
D:9:      layout_basic, lair_entry_dummy, david_orc_1_choice
D:10:     layout_stronghold

Skill      XL: |  1  2  3  4  5  6  7  8  9 |
---------------+----------------------------+-----
Short Blades   | 1 2 3 4 5 |  5.0
Fighting       | 2 3 4 5 6 8 |  8.6
Dodging        | 4 |  4.7
Stealth        | 2 0 |  0.0
Evocations     | 2 7 8 |  8.6
Staves         | 3 |  3.1
Spellcasting   | 3 |  3.6
Throwing       | |  1.0
Transmutations | |  0.9
Poison Magic   | |  0.9

Action                   |  1- 3 |  4- 6 |  7- 9 || total
-------------------------+-------+-------+-------++-------
Melee: Dagger            |   136 |   327 |   401 ||   864
       Tailslap          |    12 |    28 |    70 ||   110
       Unarmed           |       |     6 |       ||     6
       Staff             |       |       |    13 ||    13
       Lajatang          |       |       |   142 ||   142
Throw: Javelin           |       |     5 |       ||     5
       Dart              |       |     2 |     1 ||     3
Invok: Sacrifice Purity  |       |     1 |       ||     1
       Sacrifice Health  |       |       |     1 ||     1
       Sacrifice Stealth |       |       |     1 ||     1
 Abil: Breathe Acid      |       |       |    34 ||    34
       Evoke Invisibilit |       |       |     7 ||     7
Evoke: Wand              |       |       |     9 ||     9
  Use: Potion            |       |     9 |     6 ||    15
       Scroll            |       |     4 |     7 ||    11
 Stab: Paralysed         |       |     1 |       ||     1
       Distracted        |       |     1 |     2 ||     3
       Sleeping          |       |       |     2 ||     2
       Invisible         |       |       |     6 ||     6
Armor: Skin              |    45 |    95 |   197 ||   337
Dodge: Dodged            |   105 |   210 |   278 ||   593

Table legend: (Time is in decaauts)
 A = Elapsed time spent in this place.
 B = Non-inter-level travel time spent in this place.
 C = Inter-level travel time spent in this place.
 D = Time resting spent in this place.
 E = Time spent auto-exploring this place.
 F = Levels seen in this place.
 G = Mean time per level.
                   A        B        C        D        E       F      G
               +--------+--------+--------+--------+--------+-----+--------+
         Total |   9662 |   9183 |    479 |    880 |   6413 |  10 |  966.2 |
       Dungeon |   9662 |   9183 |    479 |    880 |   6413 |  10 |  966.2 |
               +--------+--------+--------+--------+--------+-----+--------+

Top non-repeatable levels by time:
     D:6: 1452 daAuts
     D:9: 1394 daAuts
     D:3: 1325 daAuts
     D:7: 1259 daAuts
     D:5: 1021 daAuts
     D:2: 914 daAuts
     D:4: 856 daAuts
     D:1: 738 daAuts
     D:8: 690 daAuts
    D:10: 10 daAuts
